 Dungeon Crawl Stone Soup version 0.30-a0-1123-gabc949cf19 (webtiles) character file.

Game seed: 15825026996934839181

30 Sobieck the Magician (level 3, -2/19 HPs)
             Began as a Deep Elf Hedge Wizard on Apr 22, 2023.
             Slain by an adder (3 damage)
             ... on level 1 of the Dungeon.
             The game lasted 00:03:32 (1317 turns).

Sobieck the Magician (Deep Elf Hedge Wizard)        Turns: 1317, Time: 00:03:33

Health: -2/19      AC:  2    Str:  7    XL:     3   Next: 5%
Magic:  5/11       EV: 12    Int: 20    God:
Gold:   12         SH:  0    Dex: 14    Spells: 7/12 levels left

rFire   . . .        a - +0 dagger {short}
rCold   . . .        (no shield)
rNeg    . . .        b - +0 robe
rPois   .            c - +0 hat
rElec   .            (no cloak)
rCorr   .            (no gloves)
SInv    .            (no boots)
Will    .....        (no amulet)
Stlth   ++           (no ring)
HPRegen 0.23/turn    (no ring)
MPRegen 0.12/turn

%: no passive effects
@: lethally poisoned (-2 -> -9), very slightly contaminated
A: no striking features
a: no special abilities


You were on level 1 of the Dungeon.
You visited 1 branch of the dungeon, and saw 2 of its levels.

You collected 12 gold pieces.


   Skills:
 - Level 2.4 Dodging
 + Level 3.2 Stealth
 + Level 5.1 Spellcasting
 * Level 1.2 Conjurations
 - Level 2.0 Summonings
 - Level 1.1 Translocations


You had 7 spell levels left.
You knew the following spells:

 Your Spells              Type           Power      Damage    Failure   Level
a - Magic Dart            Conj           40%        1d5       7%          1
b - Call Imp              Summ           26%        N/A       8%          2
c - Blink                 Tloc           18%        N/A       11%         2

Your spell library contained the following spells:

 Spells                   Type           Power      Damage    Failure   Level
 Slow                     Hex            20%        N/A       12%         1
 Cigotuvi's Dreadful Rot  Necr/Pois/Air  10%        N/A       17%         2
 Mephitic Cloud           Conj/Pois/Air  6%         N/A       28%         3

Inventory:

Hand Weapons
 a - a +0 dagger (weapon) {short}
Missiles
 h - 3 poisoned darts {throwing}
 j - 15 stones {throwing}
Armour
 b - a +0 robe (worn)
 c - a +0 hat (worn)
 e - a +0 plate armour
   (You found it on level 1 of the Dungeon)
 m - a +0 robe
   (You found it on level 1 of the Dungeon)
Scrolls
 g - a scroll of immolation {unknown}
 i - a scroll of brand weapon {unknown}
 k - a scroll of identify {unknown}
 l - a scroll of enchant weapon {unknown}
Potions
 d - a potion of magic
 f - a potion of curing {unknown}

Dungeon Overview and Level Annotations

Branches:
Dungeon (2/15) Zot: 10680

Altars:

#.#.###.......# #.......####.#.
#.#.# #.......# #.......##...#.
#.#.###.......# ##..#####..##..
#.#.....####### #..#...>.###..
#...##### ###....######...
##..## ##.......#.....#. #...#
#..........####.. ##...##
##S.#.##.........# #..#..#
###@..).##........##
#.....######....#.###..........
#...............#.# #..........
#......###....##..###........##
#....#.##..####......)...#.####
#.......#.####...###)...##.###.
#................# #.##.##...#.
#....#....####...###.##.##..###
#....##...####...##..#..#...##.


You could see an adder.


Message History

You can't see any susceptible monsters within range! (Use Z to cast anyway.)
Your magical contamination has completely faded away.
Unknown command.
Done exploring.
You can't see any susceptible monsters within range! (Use Z to cast anyway.) Done exploring.
(D) Dungeon
Where to? (? - help)
There is a stone staircase leading down here.
You climb downwards.
Found 5 boomerangs.
Found a stone staircase leading up.
There is a stone staircase leading up here.
There are monsters nearby!
Danger!
Unknown command.
Unknown command.
The magic dart hits the kobold.
The kobold shouts!
The adder hisses angrily.
The kobold hits you with a +0 whip.
The magic dart hits the kobold.
The kobold barely misses you. The kobold closely misses you.
You climb upwards.
There is a stone staircase leading down here.
Unknown command.
The magic dart hits the kobold but does no damage.
The kobold barely misses you.
The magic dart hits the kobold.
You kill the kobold!
You can't see any susceptible monsters within range! (Use Z to cast anyway.)
There is a stone staircase leading down here.
Unknown command.
You start resting.
Unknown command.
You climb downwards.
There is a stone staircase leading up here.
Danger!
Unknown command.
You miscast Magic Dart.
You are very lightly contaminated with residual magic.
Nothing appears to happen.
The adder bites you.
You are poisoned.
The adder poisons you!
You feel sick. The adder bites you.
You climb upwards.
You feel sick.
There is a stone staircase leading down here.
Unknown command.
Unknown command.
Casting: Magic Dart (safe; 7% risk of failure)
Confirm with . or Enter, or press ? or * to list all spells.
Aiming: Magic Dart (safe; 7% risk of failure)
Press: ? - help, Shift-Dir - straight line, f - adder
Aim: an adder (100% to hit)
The magic dart hits the adder.
You feel sick. The adder barely misses you.
Casting: Magic Dart (safe; 7% risk of failure)
Confirm with . or Enter, or press ? or * to list all spells.
Aiming: Magic Dart (safe; 7% risk of failure)
Press: ? - help, Shift-Dir - straight line, f/p - adder
Aim: an adder (moderately wounded, 100% to hit)
The magic dart hits the adder.
You feel sick. The adder misses you. The adder bites you but does no damage.
Casting: Magic Dart (safe; 7% risk of failure)
Confirm with . or Enter, or press ? or * to list all spells.
Aiming: Magic Dart (safe; 7% risk of failure)
Press: ? - help, Shift-Dir - straight line, f/p - adder
Aim: an adder (severely wounded, 100% to hit)
You miscast Magic Dart.
Nothing appears to happen.
You feel sick. The adder bites you.
* * * LOW HITPOINT WARNING * * *
You are more poisoned.
The adder poisons you!
Unknown command.
Casting: Magic Dart (safe; 7% risk of failure)
Confirm with . or Enter, or press ? or * to list all spells.
Aiming: Magic Dart (safe; 7% risk of failure)
Press: ? - help, Shift-Dir - straight line, f/p - adder
Aim: an adder (severely wounded, 100% to hit)
The magic dart hits the adder but does no damage.
* * * LOW HITPOINT WARNING * * *
You feel sick. The adder bites you.
* * * LOW HITPOINT WARNING * * *
Unknown command.
Casting: Magic Dart (safe; 7% risk of failure)
Confirm with . or Enter, or press ? or * to list all spells.
Aiming: Magic Dart (safe; 7% risk of failure)
Press: ? - help, Shift-Dir - straight line, f/p - adder
Aim: an adder (severely wounded, 100% to hit)
The magic dart hits the adder.
* * * LOW HITPOINT WARNING * * *
You feel sick. The adder bites you.
* * * LOW HITPOINT WARNING * * *
You are more poisoned.
The adder poisons you! The adder closely misses you.
Casting: Magic Dart (safe; 7% risk of failure)
Confirm with . or Enter, or press ? or * to list all spells.
Aiming: Magic Dart (safe; 7% risk of failure)
Press: ? - help, Shift-Dir - straight line, f/p - adder
Aim: an adder (almost dead, 100% to hit)
The magic dart hits the adder.
* * * LOW HITPOINT WARNING * * *
You feel sick. The adder bites you.
You die...

Skill      XL: |  1  2 |
---------------+-------+-----
Stealth        | 3 |  3.2
Summonings     | 2 |  2.0
Spellcasting   | 5 |  5.1
Dodging        | |  2.4
Conjurations   | |  1.2
Translocations | |  1.1

Action                     || total
---------------------------++-------
  Melee: Dagger            ||    10
   Cast: Magic Dart        ||    88
         Call Imp          ||     1
 Armour: Robe              ||     8
  Dodge: Dodged            ||    25

Levels and vault maps discovered:
D:1:      dpeg_arrival_court, layout_rooms, minmay_misc_feat_room,
          minmay_pentomino_x2
D:2:      layout_rooms, serial_curves, eino_curves_03, eino_curves_03,
          eino_curves_04, basic_altar, uniq_robin

Notes
Turn   | Place    | Note
-------+----------+-------------------------------------------
     0 | D:1      | Sobieck the Deep Elf Hedge Wizard began the quest for the
                  | Orb.
     0 | D:1      | Reached XP level 1. HP: 10/10 MP: 7/7
   286 | D:1      | Reached XP level 2. HP: 15/15 MP: 5/9
   435 | D:1      | Reached skill level 3 in Stealth
   447 | D:1      | HP: 3/15 [bat (1)]
   725 | D:1      | Reached skill level 2 in Summonings
   778 | D:1      | Learned a level 2 spell: Call Imp
   786 | D:1      | Reached skill level 5 in Spellcasting
   925 | D:1      | Learned a level 2 spell: Blink
  1038 | D:1      | Reached XP level 3. HP: 19/19 MP: 3/11
  1315 | D:1      | HP: 4/19 [adder (2)]
  1317 | D:1      | HP: 1/19 [poisoned by an adder]
  1317 | D:1      | Slain by an adder

Vanquished Creatures
  A bat (D:1)
  8 endoplasms (D:1)
  2 giant cockroaches (D:1)
  2 hobgoblins (D:1)
  6 kobolds (D:1)
  A quokka (D:1)
  A frilled lizard (D:1)
  2 goblins (D:1)
  3 rats (D:1)
26 creatures vanquished.

Table legend:
 A = Non-vault XP
 B = Vault XP
 C = Vault XP percentage of total XP
 D = Non-vault monster count
 E = Vault monster count
 F = Vault count percentage of total count
                 A         B        C        D         E       F
            +---------+---------+-------+---------+---------+-------
      Total |      40 |       4 |   9.1 |      24 |       2 |   7.7
            +---------+---------+-------+---------+---------+-------
        D:1 |      40 |       4 |   9.1 |      24 |       2 |   7.7
            +---------+---------+-------+---------+---------+-------

Illustrated notes

Table legend:
 A = Kills in this place as a percentage of kills in the entire game.
 B = Kills by you in this place as a percentage of kills by you in the entire game.
 C = Kills by friends in this place as a percentage of kills by friends in the entire game.
 D = Other kills in this place as a percentage of other kills in the entire game.
 E = Experience gained in this place as a percentage of experience gained in the entire game.
 F = Experience gained in this place divided by the number of levels of this place that you have seen.
                   A       B       C       D       E      F
               +-------+-------+-------+-------+-------+----------------------
         Total | 100.0 | 100.0 |   N/A |   N/A | 100.0 |  22.0
       Dungeon | 100.0 | 100.0 |   N/A |   N/A | 100.0 |  22.0
               +-------+-------+-------+-------+-------+----------------------

Table legend: (Time is in decaauts)
 A = Elapsed time spent in this place.
 B = Non-inter-level travel time spent in this place.
 C = Inter-level travel time spent in this place.
 D = Time resting spent in this place.
 E = Time spent auto-exploring this place.
 F = Levels seen in this place.
 G = Mean time per level.
                   A        B        C        D        E       F      G
               +--------+--------+--------+--------+--------+-----+--------+
         Total |   1318 |   1298 |     20 |    227 |    891 |   2 |  659.0 |
       Dungeon |   1318 |   1298 |     20 |    227 |    891 |   2 |  659.0 |
               +--------+--------+--------+--------+--------+-----+--------+

Top non-repeatable levels by time:
     D:1: 1311 daAuts
     D:2: 7 daAuts
